 Dungeon Crawl Stone Soup version 0.17-a0-1430-g49fde19 (webtiles) character file.

69 tinkerttoy the Cudgeler (level 4, -1/73 HPs)
             Began as an Ogre Berserker on June 25, 2015.
             Was a Believer of Trog.
             Slain by an adder (2 damage)
             ... on level 3 of the Dungeon.
             The game lasted 00:03:20 (2263 turns).

tinkerttoy the Cudgeler (Ogre Berserker)            Turns: 2263, Time: 00:03:20

Health: -1/73      AC:  3    Str: 27    XL:     4   Next: 20%
Magic:  4/4        EV: 10    Int:  6    God:    Trog [**....]
Gold:   26         SH:  0    Dex: 10    Spells: 0 memorised, 3 levels left

rFire  . . .     SeeInvis .     a - +0 mace
rCold  . . .     Clarity  .     b - +0 animal skin
rNeg   . . .     SustAt   .     (no shield)
rPois  .         Gourm    .     (helmet restricted)
rElec  .         Spirit   .     (no cloak)
rCorr  .         Warding  .     (gloves unavailable)
rMut   .         Stasis   .     (boots unavailable)
MR     .....                    (no amulet)
Stlth  ..........               (no ring)
                                (no ring)

@: berserking (expiring), very quick, not resistant to hostile enchantments,
extremely unstealthy
A: unfitting armour, tough skin 1
a: Burn Spellbooks, Berserk, Trog's Hand, Renounce Religion


You were on level 3 of the Dungeon.
You worshipped Trog.
Trog was pleased with you.
You were not hungry.

You visited 1 branch of the dungeon, and saw 3 of its levels.

You collected 26 gold pieces.

Inventory:

Hand weapons
 a - a +0 mace (weapon)
Missiles
 k - 2 tomahawks (quivered)
Armour
 b - a +0 animal skin (worn)
Jewellery
 f - an uncursed ring of see invisible {unknown}
Scrolls
 d - a scroll of identify {unknown}
 e - a scroll of remove curse {unknown}
 h - a scroll of amnesia {unknown}
 n - a scroll of blinking {unknown}
 p - a scroll of recharging {unknown}
Potions
 g - 2 potions of curing {unknown}
 i - 2 potions of cure mutation {unknown}
 j - 2 potions of agility {unknown}
 l - a potion of invisibility {unknown}
 o - a potion of might {unknown}
 q - a potion of degeneration {unknown}
Comestibles
 c - 2 bread rations


   Skills:
 + Level 4.5 Fighting
 * Level 5.4 Maces & Flails
 + Level 3.3 Dodging


You had 3 spell levels left.
You didn't know any spells.

Dungeon Overview and Level Annotations

Branches:
Dungeon (3/15)

Altars:
Yredelemnul
The Shining One

Annotations:
D:3 tinkerttoy's ghost, average OgBe


Innate Abilities, Weirdness & Mutations

You are too large for most types of armour.
You have tough skin (AC +1).


Message History

You hit tinkerttoy's ghost.
Tinkerttoy's ghost is lightly damaged.
The adder bites you.
* * * LOW HITPOINT WARNING * * *
Tinkerttoy's ghost hits you.
* * * LOW HITPOINT WARNING * * *
You hit tinkerttoy's ghost.
Tinkerttoy's ghost is moderately damaged.
The adder bites you but does no damage.
You barely miss tinkerttoy's ghost.
Tinkerttoy's ghost is moderately damaged.
The adder bites you but does no damage. Tinkerttoy's ghost closely misses you.
You sock tinkerttoy's ghost!
Tinkerttoy's ghost is heavily damaged.
The adder barely misses you. Tinkerttoy's ghost hits you!
* * * LOW HITPOINT WARNING * * *
You sock tinkerttoy's ghost!
Tinkerttoy's ghost is severely damaged.
The adder bites you.
You die...

### #W# #@#
#S# #.# #.# #
#.# .. #.#
... #.# ....
#.#
.....##.#####


You could see tinkerttoy's ghost and an adder.

Vanquished Creatures
  Ijyb (D:2)
  An ooze (D:2)
  A worm (D:2)
  2 goblins
  7 hobgoblins
  5 bats (D:1)
  A giant cockroach (D:2)
  A giant gecko (D:1)
  3 giant newts
  7 kobolds (D:1)
  5 rats
34 creatures vanquished.

Notes
Turn   | Place    | Note
--------------------------------------------------------------
     0 | D:1      | tinkerttoy the Ogre Berserker began the quest for the Orb.
     0 | D:1      | Reached XP level 1. HP: 24/24 MP: 1/1
   136 | D:1      | Reached XP level 2. HP: 16/32 MP: 2/2
   731 | D:1      | Acquired Trog's second power
   945 | D:2      | Reached XP level 3. HP: 25/39 MP: 3/3
  1285 | D:2      | Found a basalt altar of Yredelemnul.
  1287 | D:2      | Noticed a profane servitor
  1303 | D:2      | Found a glowing golden altar of the Shining One.
  1305 | D:2      | Noticed an angel
  1768 | D:2      | Found a faded altar to an unknown god.
  1772 | D:2      | Noticed Ijyb
  1798 | D:2      | Killed Ijyb
  1798 | D:2      | Reached skill level 5 in Maces & Flails
  1798 | D:2      | Reached XP level 4. HP: 22/49 MP: 4/4
  2235 | D:3      | Noticed tinkerttoy's ghost (average OgBe)
  2262 | D:3      | HP: 1/73 [tinkerttoy's ghost (14)]
  2263 | D:3      | Slain by an adder

Vault maps used:
D:1:      dpeg_arrival_triangle_fractal
D:2:      grunt_temple_overflow_holy_war, ecumenical_altar_1, first_bread,
          minmay_misc_feat_columns, uniq_iyjb
D:3:      gup_sewer_entry_pipe, minmay_misc_feat_five, st_stairs_1,
          nemelex_dance_club_becter

Action                   |  1- 3 |  4- 6 || total
-------------------------+-------+-------++-------
Melee: Mace              |   128 |    24 ||   152
Invok: Berserk           |       |     1 ||     1
 Stab: Sleeping          |     1 |       ||     1
  Eat: Chunk             |     2 |     1 ||     3
       Meat ration       |       |     1 ||     1
